 Dungeon Crawl Stone Soup version 0.20.0-7-g3b7b877 (webtiles) character file.

244 IcyS the Poker (level 6, -6/42 HPs)
             Began as an Octopode Fighter on May 29, 2017.
             Killed by divine providence
             ... invoked by an orc priest
              (13 damage)
             ... on level 4 of the Dungeon.
             The game lasted 00:10:06 (4209 turns).

IcyS the Poker (Octopode Fighter)                   Turns: 4209, Time: 00:10:07

Health: -6/42      AC:  1    Str: 15    XL:     6   Next: 10%
Magic:  24/24      EV: 12    Int: 11    God:
Gold:   227        SH:  9    Dex: 13    Spells: 5/5 levels left

rFire    . . .     SeeInvis .   a - +0 trident
rCold    . . .     Gourm    .   b - +0 shield
rNeg     + . .     Faith    .   (helmet restricted)
rPois    .         Spirit   .   (no amulet)
rElec    .         Reflect  .   e - ring of flight
rCorr    .         Harm     .   i - ring of positive energy
MR       .....                  k - ring of magical power
Stlth    +.........             q - ring of magical power
Regen    0.2/turn               s - ring of loudness (curse)
MPRegen  0.2/turn               (no ring)
                                (no ring)
                                (no ring)

@: no status effects
A: almost no armour, stealthy swim, amphibious, 8 rings, constrict 8, camouflage
1, gelatinous body 1
a: Evoke Flight


You were on level 4 of the Dungeon.
You were not hungry.

You visited 1 branch of the dungeon, and saw 5 of its levels.

You collected 227 gold pieces.

Inventory:

Hand Weapons
 a - a +0 trident (weapon)
Armour
 b - a +0 shield (worn)
Jewellery
 e - a ring of flight (left tentacle)
 i - a ring of positive energy (right tentacle)
 k - a ring of magical power (on tentacle)
 q - a ring of magical power (on tentacle)
 s - a cursed ring of loudness (on tentacle)
Wands
 o - a wand of iceblast (7/15)
Scrolls
 f - a scroll of identify
 l - 3 scrolls of blinking
 p - a scroll of teleportation
Potions
 c - a potion of might
 g - a potion of cancellation {unknown}
 h - a potion of mutation
 j - a potion of lignification {unknown}
 n - a potion of degeneration {unknown}
 r - a potion of ambrosia {unknown}
 t - a potion of brilliance {unknown}
 u - a potion of heal wounds {unknown}
 v - a potion of curing {unknown}
Books
 m - a book of Conjurations

   Spells                             Type                      Level
   a - Magic Dart                     Conjuration                  1
   b - Searing Ray                    Conjuration                  2
   c - Dazzling Spray                 Conjuration/Hexes            3
   d - Fulminant Prism                Conjuration/Hexes            4
   e - Force Lance                    Conjuration/Translocation    4
   f - Iskenderun's Mystic Blast      Conjuration                  4
Comestibles
 d - a bread ration


   Skills:
 + Level 3.4 Fighting
 * Level 5.1 Polearms
 - Level 3.0 Dodging
 * Level 4.2 Shields


You had 5 spell levels left.
You didn't know any spells.

Dungeon Overview and Level Annotations

Branches:
Dungeon (5/15)             Temple (0/1) D:4

Altars:
Yredelemnul

Annotations:
D:3 Sigmund
D:4 exclusion: oklob sapling


Innate Abilities, Weirdness & Mutations

You cannot wear most types of armour.
You are very stealthy in the water. (Stealth+)
You are amphibious.
You can wear up to eight rings at the same time.
You can use your tentacles to constrict eight enemies at once.
Your skin changes colour to match your surroundings (Stealth+).
Your rubbery body absorbs attacks. (AC +1, EV +1)


Message History

The orc priest is heavily wounded.
You block the orc's attack. The orc priest hits you with a flail!
The orc hits you.
You hit the orc priest. You grab the orc priest.
The orc priest is severely wounded.
You constrict the orc priest, but do no damage.
The orc priest calls down the wrath of Beogh upon you.
Beogh smites you!
* * * LOW HITPOINT WARNING * * *
The orc barely misses you.
You hit the orc priest but do no damage.
The orc priest is severely wounded.
You constrict the orc priest. You block the orc priest's attack.
The orc barely misses you.
You hit the orc priest but do no damage.
The orc priest is severely wounded.
You constrict the orc priest.
The orc priest mumbles some strange prayers to Beogh against you.
Beogh smites you!
You die...

#.## #.# #.... #..##
#.# ##.#.
####...#######.###....
+.....................
####...#######........
##...## #####..##
#...#.# #.... ##.o<##
##.## #+# ##@##
####.## #.# #o#
#...... ## #.# #.#
#.##..# ..
##.#########.# #.##..#
#. ##......o.....#
#.##..# #.
#........######
#.###.# #.###.......#
#.# #.# ..o.........#
#.###.. #.###.......#
#......


You could see an orc priest and an orc.

Vanquished Creatures
  An orc wizard (D:4)
  3 worker ants
  6 adders
  2 oozes
  An adder skeleton (D:4)
  3 worms
  A dart slug (D:3)
  2 leopard geckos (D:3)
  2 orcs
  4 giant cockroaches
  5 goblins
  5 hobgoblins
  8 jackals (D:1)
  3 quokkas
  A ball python (D:3)
  8 bats
  6 frilled lizards
  4 kobolds
  3 rats
68 creatures vanquished.

Notes
Turn   | Place    | Note
-------+----------+-------------------------------------------
     0 | D:1      | IcyS the Octopode Fighter began the quest for the Orb.
     0 | D:1      | Reached XP level 1. HP: 16/16 MP: 1/1
   199 | D:1      | Reached XP level 2. HP: 21/21 MP: 2/2
   285 | D:1      | Reached skill level 3 in Polearms
   464 | D:1      | Reached XP level 3. HP: 26/26 MP: 3/3
   974 | D:2      | Found a basalt altar of Yredelemnul.
  1167 | D:2      | Reached skill level 4 in Polearms
  1170 | D:2      | Reached XP level 4. HP: 31/31 MP: 4/4
  1994 | D:3      | Noticed Sigmund
  2143 | D:3      | Reached XP level 5. HP: 32/36 MP: 5/5
  2765 | D:4      | Noticed an ogre
  2841 | D:4      | Found a staircase to the Ecumenical Temple.
  3425 | D:5      | Entered Level 5 of the Dungeon
  3476 | D:5      | Noticed an ogre
  3990 | D:4      | Reached skill level 5 in Polearms
  3990 | D:4      | Reached XP level 6. HP: 26/42 MP: 6/6
  4209 | D:4      | Killed from afar by an orc priest

Skill      XL: |  1  2  3  4  5 |
---------------+----------------+-----
Polearms       | 3 4 5 |  5.1
Shields        | 4 |  4.2
Fighting       | |  3.4
Dodging        | |  3.0

Action                   |  1- 3 |  4- 6 || total
-------------------------+-------+-------++-------
Melee: Trident           |    73 |    91 ||   164
       Constrict         |    16 |    21 ||    37
       Tentacles         |    10 |    21 ||    31
  Use: Scroll            |       |     4 ||     4
 Stab: Sleeping          |     5 |     6 ||    11
  Eat: Chunk             |     1 |     7 ||     8
       Bread ration      |       |     1 ||     1
Armor: Skin              |     4 |     5 ||     9
Dodge: Dodged            |    19 |    26 ||    45
Block: Shield            |    20 |    24 ||    44
